 Dungeon Crawl Stone Soup version 0.17.0-28-g6e173f8 (webtiles) character file.

1271 dohliylev the Covert (level 8, -7/60 HPs)
             Began as a Vampire Assassin on Dec 1, 2015.
             Mangled by an ice beast (12 damage)
             ... on level 5 of the Dungeon.
             The game lasted 00:18:13 (4102 turns).

dohliylev the Covert (Vampire Assassin)             Turns: 4102, Time: 00:18:14

Health: -7/60      AC:  3    Str: 10    XL:     8   Next: 28%
Magic:  8/8        EV: 15    Int: 14    God:
Gold:   179        SH:  0    Dex: 17    Spells: 0 memorised, 7 levels left

rFire  . . .     SeeInvis +     v - +2 dagger (speed)
rCold  . . .     Clarity  .     c - +0 robe
rNeg   + + .     SustAt   .     (no shield)
rPois  +         Gourm    .     (no helmet)
rElec  .         Spirit   .     d - +0 cloak
rCorr  .         Warding  .     (no gloves)
rMut   .         Stasis   .     (no boots)
MR     .....                    (no amulet)
Stlth  ++++++....               s - ring of poison resistance
                                j - ring of positive energy

@: not resistant to hostile enchantments, very stealthy
A: fangs 3, see invisible, unbreathing
a: Bat Form


You were on level 5 of the Dungeon.
You were not thirsty.

You visited 2 branches of the dungeon, and saw 7 of its levels.

You collected 179 gold pieces.

Inventory:

Hand Weapons
 a - a +2 dagger
 b - a +0 blowgun
 v - a +2 dagger of speed (weapon)
 x - a cursed -1 flail
 z - a +2 flail of draining
Missiles
 e - 2 poisoned needles
 y - a curare-tipped needle
Armour
 c - a +0 robe (worn)
 d - a +0 cloak (worn)
 f - a +1 ring mail of fire resistance
Jewellery
 j - a ring of positive energy (left hand)
 s - a ring of poison resistance (right hand)
Scrolls
 h - 5 scrolls of remove curse {unknown}
 i - 2 scrolls of amnesia {unknown}
 m - 4 scrolls of identify {unknown}
 n - a scroll of noise {unknown}
 p - 2 scrolls of teleportation {unknown}
 q - a scroll of enchant weapon {unknown}
 t - a scroll of fog {unknown}
 u - a scroll of enchant armour {unknown}
Potions
 g - 16 potions of blood
 k - 3 potions of curing
 l - a potion of brilliance {unknown}
 o - 2 potions of haste {unknown}
 r - a potion of agility {unknown}
 w - a potion of heal wounds {unknown}


   Skills:
 + Level 4.0 Fighting
 + Level 4.1 Short Blades
 + Level 2.8 Throwing
 + Level 5.3 Dodging
 + Level 11.2 Stealth


You had 7 spell levels left.
You didn't know any spells.

Dungeon Overview and Level Annotations

Branches:
Dungeon (6/15)             Temple (1/1) D:6

Altars:
Elyvilon
Fedhas
Gozag
Makhleb
Nemelex Xobeh
Okawaru
Qazlal
Ru
Sif Muna
Trog
Xom
Zin
The Shining One

Annotations:
D:5 Nicoed's ghost, novice DrTm


Innate Abilities, Weirdness & Mutations

You have razor-sharp teeth.
You have supernaturally acute eyesight.
You can survive without breathing.


Message History

The ice beast is lightly wounded.
The ice beast closely misses you.
You hit the ice beast but do no damage. Your bite misses the ice beast.
The ice beast is lightly wounded.
The ice beast misses you.
You hit the ice beast.
The ice beast is moderately wounded.
You hit the ice beast. You bite the ice beast.
The ice beast is moderately wounded.
The ice beast hits you. The ice beast freezes you!
* * * LOW HITPOINT WARNING * * *
You hit the ice beast.
The ice beast is heavily wounded.
You hit the ice beast.
You bite the ice beast, but do no damage.
The ice beast is heavily wounded.
The ice beast hits you.
* * * LOW HITPOINT WARNING * * *
The ice beast freezes you!
You die...

..................#
.#..###...........#
.#....#...........#
....#.#...........#
....<.#...........#
.........#.#......#
.........#........#
.........#...<....#
................@Y#
...#....##........#
...#....##.#).....#
...#....##.#......#
...#....##.#......#
...#..#.##.#......#
.#.####.##.#W.....####
.#......##...........#
.....................#


You could see an ice beast and Nicoed's ghost.

Vanquished Creatures
  Purgy (D:3)
  A black bear (D:6)
  An ice beast (D:6)
  An ogre (D:4)
  An orc warrior (D:6)
  A centaur (D:6)
  A necrophage (D:5)
  A giant frog (D:3)
  A scorpion (D:4)
  2 crimson imps (D:5)
  A giant frog zombie (D:5)
  A giant frog skeleton (D:6)
  A hound (D:5)
  2 orc priests
  An orc wizard (D:3)
  2 iguanas
  3 worker ants
  A hound zombie (D:5)
  Robin (D:4)
  2 adders
  2 oozes
  An adder skeleton (D:5)
  3 worms
  28 orcs
  3 giant cockroaches
  9 hobgoblins
  4 jackals (D:1)
  7 kobolds
  3 quokkas
  6 bats
  5 giant geckos
  A giant gecko zombie (D:5)
  A giant newt (D:6)
  13 goblins
  2 rats
114 creatures vanquished.

Notes
Turn   | Place    | Note
--------------------------------------------------------------
     0 | D:1      | dohliylev the Vampire Assassin began the quest for the Orb.
     0 | D:1      | Reached XP level 1. HP: 16/16 MP: 1/1
    14 | D:1      | Reached skill level 6 in Stealth
   230 | D:1      | Reached XP level 2. HP: 19/22 MP: 2/2
   805 | D:2      | You fall through a shaft!
   809 | D:3      | Reached skill level 7 in Stealth
   855 | D:2      | Reached XP level 3. HP: 8/27 MP: 3/3
  1211 | D:2      | Found a deep blue altar of Sif Muna.
  1486 | D:3      | Noticed Purgy
  1493 | D:3      | Killed Purgy
  1493 | D:3      | Reached skill level 8 in Stealth
  1493 | D:3      | Reached XP level 4. HP: 31/34 MP: 4/4
  1493 | D:3      | Reached XP level 5. HP: 35/39 MP: 5/5
  1495 | D:3      | Noticed a giant frog
  1534 | D:3      | Killed a giant frog
  1534 | D:3      | Reached skill level 9 in Stealth
  1797 | D:3      | Reached XP level 6. HP: 40/46 MP: 6/6
  2221 | D:3      | Found a blossoming altar of Fedhas.
  2300 | D:4      | Found an iron altar of Okawaru.
  2415 | D:4      | Found a stormy altar of Qazlal.
  2553 | D:4      | Noticed Robin
  2674 | D:4      | Killed Robin
  2784 | D:4      | Reached XP level 7. HP: 28/52 MP: 7/7
  3055 | D:4      | Found a bloodstained altar of Trog.
  3091 | D:5      | Entered Level 5 of the Dungeon
  3101 | D:5      | Reached skill level 10 in Stealth
  3589 | D:5      | Noticed Nicoed's ghost (novice DrTm)
  3600 | D:5      | Found a white marble altar of Elyvilon.
  3766 | D:6      | Reached skill level 5 in Dodging
  3766 | D:6      | Reached XP level 8. HP: 60/60 MP: 8/8
  3785 | D:6      | Reached skill level 11 in Stealth
  3902 | D:6      | Found a staircase to the Ecumenical Temple.
  3915 | Temple   | Entered the Ecumenical Temple
  4102 | D:5      | Mangled by an ice beast

Action                   |  1- 3 |  4- 6 |  7- 9 || total
-------------------------+-------+-------+-------++-------
Melee: Dagger            |   111 |   176 |   151 ||   438
 Fire: Blowgun           |       |    13 |    42 ||    55
 Stab: Sleeping          |    13 |    10 |    13 ||    36
  Eat: Corpse            |    12 |     2 |     3 ||    17
